 Dungeon Crawl Stone Soup version 0.28.0 (webtiles) character file.

Game seed: 14895985167599358792

74384 mandarbmax the Spry (level 15, -7/129 HPs)
             Began as a Merfolk Gladiator on Feb 13, 2022.
             Was a Believer of Yredelemnul.
             Killed from afar by a fire giant (31 damage)
             ... with a fireball
             ... on level 12 of the Dungeon.
             The game lasted 00:59:56 (22574 turns).

mandarbmax the Spry (Merfolk Gladiator)            Turns: 22574, Time: 00:59:56

Health: -7/129     AC: 22    Str: 20    XL:     15   Next: 46%
Magic:  21/24      EV: 25    Int:  8    God:    Yredelemnul [**....]
Gold:   1522       SH:  0    Dex: 17    Spells: 14/14 levels left

rFire   . . .      SeeInvis +   e - +3 halberd (freeze)
rCold   . . .      Faith    .   (shield currently unavailable)
rNeg    . . .      Spirit   .   b - quicksilver dragon scales
rPois   +          Reflect  .   y - +2 helmet {SInv}
rElec   .          Harm     .   F - +1 cloak
rCorr   .          Rampage  .   p - +1 pair of gloves
Will    ++++.                   s - +1 pair of boots
Stlth   +.........              L - amulet "Tihyq" {Acrobat rPois Will++}
HPRegen 0.31/turn               g - +4 ring of protection
MPRegen 0.19/turn               w - +4 ring of evasion

@: about to teleport, on berserk cooldown, slowed, very slow
A: (nimble swimmer 2), mertail
a: Renounce Religion, Recall Undead Harvest, Dark Bargain


You were on level 12 of the Dungeon.
You worshipped Yredelemnul.
Yredelemnul was pleased with you.
You visited 3 branches of the dungeon, and saw 19 of its levels.
You also visited: Gauntlet.

You collected 1522 gold pieces.

Inventory:

Hand Weapons
 e - a +3 halberd of freezing (weapon)
Missiles
 d - 5 throwing nets
 k - 6 poisoned darts
 l - 10 boomerangs (quivered)
 o - 8 javelins
 N - 8 silver javelins
Armour
 b - quicksilver dragon scales (worn)
 f - the +2 robe of Conscience {rElec rF+ SInv}
   (You found it on level 5 of the Dungeon)

   rF:        It protects you from fire.
   rElec:     It insulates you from electricity.
   SInv:      It lets you see invisible.
 p - a +1 pair of gloves (worn)
 s - a +1 pair of boots (worn)
 u - the +1 leather armour of Midnight {rF+ rC+ rCorr}
   (You found it on level 6 of the Dungeon)

   rF:        It protects you from fire.
   rC:        It protects you from cold.
   rCorr:     It protects you from acid and corrosion.
 y - a +2 helmet of see invisible (worn)
 F - a +1 cloak (worn)
Jewellery
 c - the amulet "Ipuxuedd" {RegenMP rN+ Regen+ Int-5}
   (You found it in a Gauntlet)

   [amulet of magic regeneration]

   It increases your rate of magic regeneration.
   Int:       It affects your intelligence (-5).
   rN:        It protects you from negative energy.
   Regen:     It increases your rate of health regeneration.
 g - a +4 ring of protection (left hand)
 w - a +4 ring of evasion (right hand)
 E - an amulet of reflection
 L - the amulet "Tihyq" (around neck) {Acrobat rPois Will++}
   (You found it in a Gauntlet)

   [amulet of the acrobat]

   It increases your evasion while moving and waiting.
   rPois:     It protects you from poison.
   Will:      It greatly increases your willpower.
 U - a ring of resist corrosion
 X - the ring "Xeluh" {*Slow rF+ rC+ Int+7}
   (You found it on level 5 of the Lair of Beasts)

   [ring of protection from cold]

   Int:       It affects your intelligence (+7).
   rF:        It protects you from fire.
   rC:        It protects you from cold.
   *Slow:     It may slow you when you take damage.
 Z - a ring of positive energy
Wands
 v - a wand of flame (54)
 C - a wand of acid (12)
 I - a wand of iceblast (14)
 R - a wand of polymorph (1)
 T - a wand of mindburst (3)
Scrolls
 h - 2 scrolls of amnesia
 i - 3 scrolls of fog
 j - 3 scrolls of summoning
 n - 6 scrolls of teleportation
 r - a scroll of silence
 x - 4 scrolls of vulnerability
 A - 2 scrolls of fear
 J - 2 scrolls of blinking
 S - a scroll of magic mapping
Potions
 a - 4 potions of lignification
 m - a potion of resistance
 q - 6 potions of curing
 t - 3 potions of might
 z - 3 potions of mutation
 B - 2 potions of magic
 D - 8 potions of attraction
 G - a potion of cancellation
 H - 2 potions of haste
 K - 9 potions of ambrosia
 O - 2 potions of flight
 W - 3 potions of invisibility {unknown}
Miscellaneous
 M - a phantom mirror (inert)
 Q - a lightning rod (4/4)
 Y - a box of beasts


   Skills:
 - Level 15.0 Fighting
 - Level 16.0 Polearms
 - Level 10.0 Throwing
 + Level 18.2 Dodging
 - Level 12.0 Invocations
 - Level 6.0 Evocations


You had 14 spell levels left.
You didn't know any spells.
Your spell library contained the following spells:

 Spells                   Type           Power      Damage    Failure   Level
 Beastly Appendage        Tmut           0%         N/A       58%         1
 Magic Dart               Conj           0%         1d3       58%         1
 Searing Ray              Conj           0%         2d4       75%         2
 Static Discharge         Conj/Air       0%         N/A       75%         2
 Wereblood                Tmut           0%         N/A       75%         2
 Dazzling Flash           Conj/Hex       0%         N/A       92%         3
 Gell's Gravitas          Tloc           0%         N/A       92%         3
 Ignite Poison            Fire/Tmut/Pois 0%         N/A       92%         3
 Mephitic Cloud           Conj/Pois/Air  0%         N/A       92%         3
 Spider Form              Tmut/Pois      0%         N/A       92%         3
 Swiftness                Air            0%         N/A       92%         3
 Teleport Other           Tloc           0%         N/A       92%         3
 Tukima's Dance           Hex            0%         N/A       92%         3
 Airstrike                Air            0%         N/A       100%        4
 Anguish                  Hex/Necr       0%         N/A       100%        4
 Fulminant Prism          Conj/Hex       0%         3d6       100%        4
 Iskenderun's Mystic Bla  Conj/Tloc      0%         2d3       100%        4
 Leda's Liquefaction      Hex/Erth       0%         N/A       100%        4
 Passage of Golubria      Tloc           0%         N/A       100%        4
 Petrify                  Tmut/Erth      0%         N/A       100%        4
 Summon Ice Beast         Ice/Summ       0%         N/A       100%        4
 Summon Lightning Spire   Summ/Air       0%         N/A       100%        4
 Fireball                 Conj/Fire      0%         3d3       100%        5
 Freezing Cloud           Conj/Ice/Air   0%         6-21      100%        5
 Lee's Rapid Deconstruct  Erth           0%         3d5*      100%        5
 Lightning Bolt           Conj/Air       0%         1d11      100%        5
 Metabolic Englaciation   Hex/Ice        0%         N/A       100%        5
 Yara's Violent Unravell  Hex/Tmut       0%         3d3       100%        5
 Dispersal                Tloc           0%         N/A       100%        6
 Simulacrum               Ice/Necr       0%         N/A       100%        6
 Starburst                Conj/Fire      0%         6d3       100%        6
 Statue Form              Tmut/Erth      0%         N/A       100%        6
 Enfeeble                 Hex            0%         N/A       100%        7
 Storm Form               Tmut/Air       0%         N/A       100%        7
 Ignition                 Fire           0%         3d3       100%        8
 Polar Vortex             Ice            0%         N/A       100%        9


Dungeon Overview and Level Annotations

Branches:
Dungeon (12/15)            Temple (1/1) D:4            Lair (6/6) D:11
 Shoals (0/4) Lair:3        Snake (0/4) Lair:3        Slime (0/5) Lair:6
    Orc (0/2) D:12        Gauntlet (visited)

Altars:
Ashenzari
Cheibriados
Dithmenos
Elyvilon
Fedhas
Gozag
Hepliaklqana
Kikubaaqudgha
Makhleb
Nemelex Xobeh
Okawaru
Qazlal
Ru
Sif Muna
Trog
Uskayaw
Vehumet
Wu Jian
Xom
Yredelemnul
Zin
The Shining One
Jiyva
Lugonu

Shops:
D:7 (

Portals:
Abyss: Lair:6

Annotations:
D:4 3 runed translucent doors, suduhmizer's ghost, amateur MiBe
Lair:6 2 transporters, Ikheod's ghost, journeyman MfGl


Innate Abilities, Weirdness & Mutations

((You are very nimble when in or above water. (Stealth+, EV+, Speed+++)))
Your lower body shifts to a powerful aquatic tail in water.


Message History

Aim: a sphinx (heavily wounded, ally target, about 15% to evade your +3 halberd of freezing)
You could not reach far enough!
Your tengu reaver zombie hits the sphinx.
Your tengu reaver zombie pecks the sphinx.
Your tengu reaver zombie barely misses the sphinx.
The sphinx closely misses your tengu reaver zombie.
The sphinx barely misses your tengu reaver zombie.
The sphinx closely misses your tengu reaver zombie.
Reach: e) +3 halberd (freeze)
Press: ? - help, Dir - move target, f/p - sphinx
Aim: a sphinx (heavily wounded, ally target, about 15% to evade your +3 halberd of freezing)
You could not reach far enough!
Unknown command.
Reach: e) +3 halberd (freeze)
Press: ? - help, Dir - move target, f/p - sphinx
Aim: a sphinx (heavily wounded, ally target, about 15% to evade your +3 halberd of freezing)
You could not reach far enough!
You are no longer berserk.
You are exhausted.
You feel yourself slow down.
Your tengu reaver zombie barely misses the sphinx.
Your tengu reaver zombie pecks the sphinx.
Your tengu reaver zombie claws the sphinx.
The sphinx hits your tengu reaver zombie!
The sphinx hits your tengu reaver zombie.
The sphinx misses your tengu reaver zombie.
A fire giant comes into view.
It is wielding a +0 great sword of flaming.
Unknown command.
Unknown command.
As you read the scroll of teleportation, it crumbles to dust.
You feel strangely unstable.
The fire giant shouts!
A tengu conjurer comes into view.
The sphinx hits your tengu reaver zombie.
The sphinx hits your tengu reaver zombie!
The sphinx barely misses your tengu reaver zombie.
The fire giant gestures at you while chanting.
The fireball explodes!
The fireball engulfs you!!
You die...
Your body rises from the dead as a mindless zombie.

#####.≈#)Z#..##########..#
#≈#.. #.....≈#..#..#$Q.
#..# #≈...
#...#.≈#..#..#.C. #..#
#≈... #...#.≈#).#..#..#
.#..# #≈...
#.....≈#.)#..#..# ..#..#
#≈.## #.....≈#..#..#..#
..#..# #≈.
#...#.≈#..#..#..####..#..#
#≈
#)..#.≈#..#..#.)).....#..#
#≈.##
#...#.≈#..#..#$.@ZH..$#..#
#≈...
#.>...≈#..#..####))####.(#
#≈.##
#####.≈#..#.))...........#
#≈...
#.≈#..#..............#
#≈..#
##≈#..################ #≈.
#≈#................. #≈
#)#................. #≈.
#≈##########''##########≈.
#≈≈≈≈≈≈≈≈≈≈≈≈≈≈≈≈≈≈≈≈≈≈≈≈.#


You could see a fire giant, a sphinx (ally target), a tengu conjurer and a
friendly tengu reaver zombie.

Vanquished Creatures
  A tengu reaver (D:12)
  A vampire knight (D:12)
  Azrael (D:12)
  A minotaur (Gauntlet)
  A deep elf annihilator (D:12)
  The ghost of Ypehuijo the Spear-Bearer, a journeyman OpFi of Gozag (Lair:5)
  6 hydras
  Harold (D:8)
  An ogre mage (D:12)
  A catoblepas (Lair:3)
  2 boulder beetles
  A death knight (D:12)
  8 death yaks
  A tengu warrior (D:11)
  3 two-headed ogres
  Urug (Lair:1)
  Nergalle (D:12)
  2 thrashing horrors (Lair:6)
  A fire crab (Gauntlet)
  A spectral death yak (Lair:5)
  3 spectral hydras (Lair:5)
  A lindwurm (Lair:6)
  Pikel (D:7)
  A harpy (D:12)
  A deep elf pyromancer (D:12)
  A manticore (D:10)
  5 ugly things
  8 elephants
  3 black mambas
  2 torpor snails (Gauntlet)
  8 cane toads
  A gargoyle (D:12)
  Maggie (D:8)
  A kobold demonologist (D:12)
  4 rime drakes
  3 unseen horrors
  5 komodo dragons
  An ancient zyme (Lair:6)
  A hornet (D:8)
  A troll (D:12)
  A polar bear (Lair:3)
  A queen bee (D:11)
  10 blink frogs
  A tarantella (shapeshifter) (Lair:6)
  6 slime creatures (D:12)
  Grinder (D:3)
  4 dream sheep (Lair:4)
  A water elemental (D:12)
  A shadow (D:9)
  A spriggan (Lair:6)
  2 fire bats (Gauntlet)
  A spectral komodo dragon (Lair:5)
  27 yaks
  A ynoxinul (Lair:6)
  5 wyverns
  Eustachio (D:4)
  3 fire elementals (D:12)
  5 basilisks
  3 wraiths (D:12)
  A steam dragon (D:8)
  4 nagas (Lair:3)
  A chaos spawn (Lair:6)
  2 acid dragons
  4 hell hounds
  13 water moccasins
  A black bear (Lair:4)
  A sky beast (D:5)
  2 black mamba simulacra (Lair:5)
  2 orc warriors
  2 ice beasts (D:7)
  An ogre (D:7)
  9 wolves
  5 centaurs
  A lemure (D:8)
  2 phantoms
  A kobold brigand (D:6)
  12 bullfrogs
  5 small abominations (Lair:6)
  A scorpion (D:5)
  A water moccasin skeleton (D:5)
  25 killer bees
  2 electric eels
  A centaur skeleton (D:5)
  2 jellies
  2 orc priests
  Jessica (D:3)
  3 iguanas
  Terence (D:2)
  Natasha (thrice) (D:3)
  7 orc wizards
  A killer bee zombie (D:8)
  2 hound zombies (D:4)
  A hound skeleton (D:4)
  Robin (D:2)
  A howler monkey zombie (D:6)
  A gnoll (D:1)
  5 adders
  A white imp (D:6)
  3 dart slugs
  32 orcs
  3 endoplasms
  4 giant cockroaches
  11 goblins
  9 hobgoblins
  9 jackals
  12 kobolds
  5 quokkas
  8 ball pythons
  5 bats
  3 frilled lizards
  6 rats
404 creatures vanquished.

Vanquished Creatures (collateral kills)
  A tengu reaver (D:12)
  The ghost of Oluanan the Fighter, a journeyman DsFi of Hepliaklqana (Lair:3)
  2 hydras (Lair:2)
  A catoblepas (Lair:3)
  A death yak (Lair:6)
  2 ugly things
  A manticore (D:12)
  A cyclops (D:11)
  An elephant (Lair:5)
  A centaur zombie (D:10)
  2 cane toads
  A gargoyle (D:12)
  A komodo dragon (Lair:6)
  An ancient zyme (Lair:6)
  3 dream sheep (Lair:4)
  9 blink frogs
  A centaur simulacrum (D:12)
  A wraith (D:12)
  11 yaks
  A golden eye (shapeshifter) (Lair:6)
  A wyvern (Lair:2)
  A ynoxinul (Lair:6)
  3 basilisks
  A vampire mosquito (D:11)
  A fire bat (Gauntlet)
  A chaos spawn (Lair:6)
  An acid dragon (D:11)
  A naga (Lair:3)
  A hell hound (Gauntlet)
  3 water moccasins
  2 orc warriors
  A boggart (shapeshifter) (D:12)
  A centaur (D:11)
  10 wolves
  3 killer bees
  3 orc priests (D:11)
  An orc wizard (D:8)
  3 small abominations (Lair:6)
  An adder (D:4)
  5 orcs
87 creatures vanquished.

Vanquished Creatures (others)
  2 ugly thing zombies (Lair:6)
  A manticore (D:12)
  A spectral unseen horror (D:12)
  A black mamba zombie (Lair:6)
  A human zombie (D:12)
  3 spectral fire bats (Gauntlet)
  A two-headed ogre zombie (D:11)
  An elephant zombie (Gauntlet)
  A lindwurm zombie (Lair:6)
  5 blink frog zombies
  An elf zombie (D:12)
  A vampire mosquito zombie (D:11)
  A spectral chaos spawn (Lair:6)
  A spectral ynoxinul (Lair:6)
  2 komodo dragon zombies (Lair:6)
  6 water moccasin zombies
  2 hell hound zombies (Gauntlet)
  2 wyvern zombies
  A spriggan zombie (Lair:6)
  4 yak zombies
  9 wolf zombies
  A basilisk zombie (D:11)
  4 bullfrog zombies
  14 killer bee zombies
  A naga zombie (Lair:3)
  An acid dragon zombie (D:12)
  A spectral jelly (D:5)
  An iguana zombie (D:5)
  2 kobold zombies (D:6)
  9 orc zombies
  48 fungi
  65 plants
  A withered plant (Gauntlet)
195 creatures vanquished.

Grand Total: 686 creatures vanquished

Notes
Turn   | Place    | Note
-------+----------+-------------------------------------------
     0 | D:1      | mandarbmax the Merfolk Gladiator began the quest for the
                  | Orb.
     0 | D:1      | Reached XP level 1. HP: 16/16 MP: 1/1
     1 | D:1      | Noticed an electric eel
    71 | D:1      | Reached skill level 5 in Polearms
   116 | D:1      | Reached XP level 2. HP: 22/22 MP: 2/2
   452 | D:1      | Reached XP level 3. HP: 25/27 MP: 3/3
  1203 | D:2      | Reached XP level 4. HP: 19/33 MP: 4/4
  1368 | D:2      | Noticed Terence
  1375 | D:2      | Noticed Robin
  1638 | D:2      | Killed Robin
  2197 | D:2      | Got the Grimoire of the Several Stars
  2235 | D:2      | Killed Terence
  2236 | D:2      | Reached XP level 5. HP: 27/38 MP: 5/5
  2763 | D:3      | Noticed Natasha
  2764 | D:3      | Noticed Grinder
  2766 | D:3      | Identified a scroll of acquirement
  2766 | D:3      | Acquired a +0 halberd of freezing
  2769 | D:3      | Killed Natasha
  2770 | D:3      | Paralysed by Grinder for 6 turns
  2796 | D:3      | Killed Grinder
  2797 | D:3      | Reached skill level 10 in Polearms
  2797 | D:3      | Reached XP level 6. HP: 24/44 MP: 6/6
  2804 | D:3      | Noticed Natasha
  2809 | D:3      | Killed Natasha
  3065 | D:3      | Noticed Jessica
  3070 | D:3      | Killed Jessica
  3071 | D:3      | Reached XP level 7. HP: 51/51 MP: 7/7
  3219 | D:3      | Found a white marble altar of Elyvilon.
  3462 | D:3      | Noticed Natasha
  3466 | D:3      | Killed Natasha
  3501 | D:3      | Found a glowing golden altar of the Shining One.
  3906 | D:4      | Noticed Eustachio
  3928 | D:4      | Killed Eustachio
  3929 | D:4      | Reached skill level 5 in Dodging
  4357 | D:4      | Found a glowing silver altar of Zin.
  4410 | D:4      | Found a staircase to the Ecumenical Temple.
  4420 | Temple   | Entered the Ecumenical Temple
  4577 | D:4      | Found a runed translucent gate.
  4577 | D:4      | Found a runed translucent gate.
  4577 | D:4      | Found a runed translucent gate.
  4577 | D:4      | Noticed suduhmizer's ghost (amateur MiBe)
  4579 | D:4      | Found a basalt altar of Yredelemnul.
  4598 | D:4      | Became a worshipper of Yredelemnul the Dark
  4746 | D:5      | Entered Level 5 of the Dungeon
  4797 | D:5      | Reached * piety under Yredelemnul
  4798 | D:5      | Reached XP level 8. HP: 55/60 MP: 8/8
  4832 | D:5      | Reached ** piety under Yredelemnul
  4844 | D:5      | Reached skill level 6 in Dodging
  4889 | D:5      | Found a burning altar of Makhleb.
  5125 | D:5      | Identified the +2 robe of Conscience {rElec rF+ SInv}
  5163 | D:5      | Reached skill level 5 in Fighting
  5292 | D:5      | Found an opulent altar of Gozag.
  5591 | D:6      | Reached skill level 7 in Dodging
  6159 | D:6      | Found an ancient bone altar of Kikubaaqudgha.
  6895 | D:6      | Identified the +1 leather armour of Midnight {rF+ rC+
                  | rCorr}
  7000 | D:7      | Reached XP level 9. HP: 69/69 MP: 9/9
  7105 | D:7      | Found Leeppysk's Weapon Shoppe.
  7139 | D:7      | Reached skill level 8 in Dodging
  7238 | D:7      | Found a shadowy altar of Dithmenos.
  7845 | D:7      | Found a sparkling altar of Nemelex Xobeh.
  7859 | D:8      | Noticed Pikel
  7868 | D:7      | Killed Pikel
  7916 | D:8      | Found a radiant altar of Vehumet.
  7962 | D:8      | Noticed Maggie
  7973 | D:8      | Killed Maggie
  7974 | D:8      | Reached skill level 9 in Dodging
  8074 | D:8      | Noticed a hornet
  8079 | D:8      | Killed a hornet
  8312 | D:8      | Noticed Harold
  8331 | D:8      | Killed Harold
  8332 | D:8      | Reached skill level 10 in Dodging
  8332 | D:8      | Reached XP level 10. HP: 39/82 MP: 10/10
  8665 | D:8      | Found an iron altar of Okawaru.
  8839 | D:9      | Found a shimmering blue altar of Sif Muna.
  8925 | D:9      | Reached skill level 11 in Dodging
  8937 | D:9      | Reached skill level 1 in Evocations
  9724 | D:10     | Entered Level 10 of the Dungeon
  9734 | D:10     | Noticed a manticore
  9745 | D:10     | Killed a manticore
  9878 | D:10     | Killed an unseen horror
 10031 | D:10     | Reached skill level 5 in Throwing
 10116 | D:10     | Noticed a boulder beetle
 10134 | D:10     | Killed a boulder beetle
 10135 | D:10     | Reached skill level 5 in Evocations
 10135 | D:10     | Reached XP level 11. HP: 54/89 MP: 11/11
 10317 | D:10     | Reached *** piety under Yredelemnul
 10336 | D:10     | Found a hide-covered altar of Uskayaw.
 10364 | D:10     | Reached skill level 1 in Invocations
 10499 | D:10     | Found a hazy altar of Hepliaklqana.
 10746 | D:11     | Noticed a two-headed ogre
 10756 | D:11     | Killed a two-headed ogre
 10917 | D:11     | Found a staircase to the Lair.
 11193 | D:11     | Noticed a tengu warrior
 11193 | D:11     | Noticed a seven-headed hydra
 11193 | D:11     | Noticed a cyclops
 11324 | D:11     | Killed a cyclops
 11398 | D:11     | Reached skill level 5 in Invocations
 11632 | D:11     | Killed a seven-headed hydra
 12127 | D:11     | Got the Collected Works on Icy Companions
 12274 | D:12     | Noticed a two-headed ogre
 12282 | D:12     | Killed a two-headed ogre
 12442 | D:11     | Killed a tengu warrior
 12501 | D:12     | Noticed a brown ugly thing
 12528 | Lair:1   | Entered Level 1 of the Lair of Beasts
 12557 | Lair:1   | Noticed Urug
 12577 | Lair:1   | Killed Urug
 12598 | Lair:1   | Found a gate leading to a gauntlet.
 12607 | Gauntlet | Entered a Gauntlet
 12607 | Gauntlet | Noticed a wizard
 12607 | Gauntlet | Found a transporter.
 12607 | Gauntlet | Found a transporter.
 12607 | Gauntlet | Found a runed translucent door.
 12607 | Gauntlet | Found a runed translucent door.
 12752 | Gauntlet | Found a transporter.
 12755 | Gauntlet | Noticed a soul eater
 12764 | Gauntlet | Found a transporter.
 12782 | Gauntlet | Found a transporter.
 12782 | Gauntlet | Found a transporter.
 12784 | Gauntlet | Found a transporter.
 12784 | Gauntlet | Found a transporter.
 12785 | Gauntlet | Found a transporter.
 12799 | Gauntlet | Found a transporter.
 12809 | Gauntlet | Noticed a death yak
 12809 | Gauntlet | Noticed a death yak
 12810 | Gauntlet | Noticed a death yak
 12812 | Gauntlet | Found a transporter.
 12822 | Gauntlet | Found a transporter.
 12824 | Gauntlet | Noticed a quicksilver ooze
 12826 | Gauntlet | Found a transporter.
 12867 | Gauntlet | Found a transporter.
 12917 | Gauntlet | Reached XP level 12. HP: 84/95 MP: 19/19
 12923 | Gauntlet | Reached skill level 10 in Invocations
 12942 | Gauntlet | Reached skill level 12 in Dodging
 13079 | Gauntlet | Reached skill level 10 in Fighting
 13091 | Gauntlet | Identified the amulet "Ipuxuedd" {RegenMP rN+ Regen+ Int-5}
 13189 | Gauntlet | Killed a death yak
 13197 | Gauntlet | Killed a death yak
 13197 | Gauntlet | Reached **** piety under Yredelemnul
 13200 | Gauntlet | Killed a death yak
 13201 | Gauntlet | Reached ***** piety under Yredelemnul
 13208 | Gauntlet | Identified the amulet "Tihyq" {Acrobat rPois Will++}
 13236 | Gauntlet | Noticed a minotaur
 13250 | Gauntlet | Killed a minotaur
 13472 | Lair:1   | Reached skill level 15 in Polearms
 13472 | Lair:1   | Reached skill level 13 in Dodging
 13788 | Lair:1   | Noticed a seven-headed hydra
 13798 | Lair:1   | Killed a seven-headed hydra
 14135 | Lair:2   | Reached XP level 13. HP: 53/103 MP: 21/21
 14495 | Lair:2   | Reached skill level 14 in Dodging
 15048 | Lair:2   | You fall into a shaft and drop 2 floors!
 15626 | Lair:3   | Found a staircase to the Snake Pit.
 16016 | Lair:3   | Found a staircase to the Shoals.
 16217 | Lair:3   | Found a runed translucent door.
 16217 | Lair:3   | Noticed Oluanan's ghost (journeyman DsFi)
 16769 | Lair:3   | Killed Oluanan's ghost
 17386 | Lair:4   | Reached skill level 15 in Dodging
 17405 | Lair:4   | Reached ****** piety under Yredelemnul
 17869 | Lair:5   | Reached XP level 14. HP: 88/115 MP: 23/23
 18071 | Lair:5   | Found a runed translucent gate.
 18071 | Lair:5   | Found a runed translucent gate.
 18071 | Lair:5   | Found a runed translucent gate.
 18071 | Lair:5   | Noticed Ypehuijo's ghost (journeyman OpFi)
 18583 | Lair:5   | Reached skill level 16 in Dodging
 18912 | Lair:5   | Identified the ring "Xeluh" {*Slow rF+ rC+ Int+7}
 18946 | Lair:5   | Killed Ypehuijo's ghost
 18996 | Lair:6   | Entered Level 6 of the Lair of Beasts
 19235 | Lair:6   | Found a staircase to the Slime Pits.
 19237 | Lair:6   | Found a viscous altar of Jiyva.
 19593 | Lair:6   | Found a transporter.
 19595 | Lair:6   | Found a transporter.
 19598 | Lair:6   | Noticed Ikheod's ghost (journeyman MfGl)
 19826 | Lair:6   | Reached skill level 17 in Dodging
 20028 | Lair:6   | Reached skill level 18 in Dodging
 20153 | Lair:6   | Found a corrupted altar of Lugonu.
 20153 | Lair:6   | Found a one-way gate to the infinite horrors of the Abyss.
 21161 | D:12     | Found a staircase to the Orcish Mines.
 21161 | D:12     | Noticed Azrael
 21207 | D:12     | Killed Azrael
 21243 | D:12     | Reached XP level 15. HP: 62/124 MP: 24/24
 21540 | D:12     | Noticed Nergalle
 21549 | D:12     | Killed Nergalle
 22261 | D:12     | Reached skill level 10 in Throwing
 22531 | D:12     | Noticed a tengu reaver
 22542 | D:12     | Noticed a tengu reaver
 22543 | D:12     | Killed a tengu reaver
 22550 | D:12     | Noticed a sphinx
 22553 | D:12     | Killed a tengu reaver
 22554 | D:12     | Reached skill level 15 in Fighting
 22573 | D:12     | Noticed a fire giant
 22574 | D:12     | Killed from afar by a fire giant

Illustrated notes

Levels and vault maps discovered:
D:1:      arrival_aquarium_a, layout_basic, corexii_hall_statues_deadend
D:2:      layout_basic, minmay_splitting_lines, uniq_terence, uniq_robin
D:3:      layout_loops_cross, mainiacjoe_overflow_alcove_2,
          nicolae_elyvilon_temple_path, guppyfry_early_lair_pool, uniq_jessica,
          uniq_grinder, uniq_natasha
D:4:      layout_gridville, zin_treasury, nicolae_yredelemnul_ghost_church,
          minmay_temple_entry_mist, minmay_misc_feat_hallway, uniq_eustachio
D:5:      layout_basic, nicolae_overflow_crystal_walls,
          nicolae_gozag_seed_capital
D:6:      layout_cave_pods, kiku_gazebo_garden_becter, serial_glass,
          glass_columns_a, glass_columns_a
D:7:      layout_basic, mainiacjoe_overflow_catwalk, nemelex_dance_club_becter,
          kennysheep_path_1, nicolae_inconvenience_store, st_stairs_2,
          chequers_serial_rivers_large_a
D:8:      layout_rooms, mainiacjoe_overflow_tiny_flanked,
          nicolae_vehumet_altar_sigil, hangedman_abyss_or_decor_stabs,
          uniq_pikel, uniq_maggie, uniq_harold
D:9:      layout_basic, lemuel_doored_altar
D:10:     layout_roguey, kennysheep_mini, general_overflow_altar
D:11:     layout_long_grid, dpeg_oklobed_lair, special_room [special_room_bee],
          minmay_misc_feat_five, minmay_checkerbox
D:12:     lemuel_traditional_vault, layout_rooms, uniq_azrael, uniq_nergalle
Temple:   corrupted_temple
Lair:1:   layout_roguey, gauntlet_entry_generic, uniq_urug
Lair:2:   layout_concentric_octagons
Lair:3:   layout_small_grid, elwin_shoals_entry_rocks,
          minmay_snake_entry_guardpost_medium, hellmonk_ghost_happy_afterlife,
          infiniplex_staircase_pool
Lair:4:   layout_hall_layers, infiniplex_staircase_pool_2, lemuel_fruit_tree
Lair:5:   layout_loops_ring, gammafunk_ghost_necromancy,
          chequers_serial_rivers_micro_c
Lair:6:   hellmonk_lair_end_abyssal_woods, layout_layer_cave, slime_altar_1,
          gammafunk_ghost_hive

Skill      XL: |  1  2  3  4  5  6  7  8  9 10 11 12 13 14 15 |
---------------+----------------------------------------------+-----
Polearms       | 5 6 7 8 10 11 12 14 15 16 | 16.0
Fighting       | 4 5 8 9 10 12 13 15 | 15.0
Dodging        | 5 7 10 11 13 15 18 | 18.2
Evocations     | 5 6 |  6.0
Throwing       | 5 6 7 8 10 | 10.0
Invocations    | 9 10 12 | 12.0

Action                   |  1- 3 |  4- 6 |  7- 9 | 10-12 | 13-15 || total
-------------------------+-------+-------+-------+-------+-------++-------
Melee: Trident           |   113 |   105 |       |       |       ||   218
       Punch             |       |     1 |       |       |       ||     1
       Halberd           |       |    20 |   251 |   467 |   789 ||  1527
       Tailslap          |       |     2 |       |       |     4 ||     6
Throw: Throwing net      |       |     1 |       |     1 |       ||     2
       Dart              |       |       |     9 |    38 |       ||    47
       Boomerang         |       |       |       |    32 |    48 ||    80
       Javelin           |       |       |       |     2 |    17 ||    19
Invok: Dark Bargain      |       |       |       |     6 |     9 ||    15
       Recall Undead Har |       |       |       |     4 |     5 ||     9
       Drain Life        |       |       |       |       |     1 ||     1
       Bind Soul         |       |       |       |       |     1 ||     1
Evoke: Wand              |       |       |       |     3 |     3 ||     6
       Phantom mirror    |       |       |       |       |     2 ||     2
  Use: Scroll            |       |     8 |     5 |     9 |    10 ||    32
       Potion            |       |     1 |     1 |     2 |     4 ||     8
 Stab: Distracted        |       |     1 |     3 |     7 |    12 ||    23
       Held in net/web   |       |     1 |       |       |       ||     1
       Petrified         |       |       |       |       |     4 ||     4
       Petrifying        |       |       |       |       |     1 ||     1
       Paralysed         |       |       |       |       |     2 ||     2
Armor: Leather armour    |    20 |    28 |       |       |       ||    48
       Ring mail         |       |    19 |     3 |       |       ||    22
       Quicksilver drago |       |       |    56 |    41 |   155 ||   252
       Skin              |       |       |     8 |       |       ||     8
       Swamp dragon scal |       |       |     7 |   122 |       ||   129
Dodge: Dodged            |    66 |    68 |   143 |   360 |   519 ||  1156
